 Dungeon Crawl Stone Soup version 0.30-a0-377-g5cb311bc9f (webtiles) character file.

Game seed: 11274490001780921424

156 LnG the Caller (level 5, -1/29 HPs)
             Began as a Kobold Summoner on Nov 29, 2022.
             Slain by an orc warrior
             ... wielding a +0 flail
              (6 damage)
             ... on level 4 of the Dungeon.
             The game lasted 00:07:31 (3280 turns).

LnG the Caller (Kobold Summoner)                    Turns: 3280, Time: 00:07:31

Health: -1/29      AC:  3    Str:  9    XL:     5   Next: 64%
Magic:  5/9        EV: 16    Int: 19    God:
Gold:   278        SH:  0    Dex: 15    Spells: 1/10 levels left

rFire   + . .      SeeInvis +    c - +0 dagger
rCold   + . .      Faith    .    (no shield)
rNeg    . . .      Spirit   .    m - +0 robe "Zaiguiro" {Drain Str+4 SInv}
rPois   .          Reflect  .    (no helmet)
rElec   .          Harm     .    o - scarf {rC+ rF+}
rCorr   .          Rampage  .    e - +0 pair of gloves
Will    .....                    (no boots)
Stlth   ++........               (no amulet)
HPRegen 0.24/turn                (no ring)
MPRegen 0.11/turn                (no ring)

@: confused
A: small, no large weapons, nightstalker 3
a: no special abilities


You were on level 4 of the Dungeon.
You visited 1 branch of the dungeon, and saw 4 of its levels.

You collected 278 gold pieces.

Inventory:

Hand Weapons
 c - a +0 dagger (weapon)
Armour
 a - a +0 robe
 e - a +0 pair of gloves (worn)
 m - the +0 robe "Zaiguiro" (worn) {Drain Str+4 SInv}
   (You found it on level 4 of the Dungeon)

   Str:       It affects your strength (+4).
   SInv:      It lets you see invisible.
   Drain:     It drains your maximum health when unequipped.
 o - a scarf of resistance (worn)
Scrolls
 b - 5 scrolls of identify {unknown}
 d - 2 scrolls of fog {unknown}
 f - a scroll of summoning {unknown}
 l - a scroll of poison {unknown}
Potions
 g - a potion of heal wounds {unknown}
 h - a potion of brilliance {unknown}
 i - a potion of degeneration {unknown}
 j - a potion of attraction {unknown}
 k - a potion of haste {unknown}
 n - a potion of ambrosia {unknown}
 p - a potion of lignification {unknown}


   Skills:
 + Level 1.0 Fighting
 + Level 1.6 Short Blades
 * Level 3.9 Dodging
 * Level 4.1 Stealth
 + Level 3.0 Spellcasting
 + Level 4.6 Summonings


You had one spell level left.
You knew the following spells:

 Your Spells              Type           Power      Damage    Failure   Level
a - Summon Small Mammal   Summ           80%        N/A       2%          1
b - Call Imp              Summ           20%        N/A       3%          2
c - Call Canine Familiar  Summ           20%        N/A       7%          3
d - Summon Guardian Gole  Hex/Summ       11%        N/A       19%         3

Your spell library contained the following spells:

 Spells                   Type           Power      Damage    Failure   Level
 Blink                    Tloc           4%         N/A       22%         2
 Ensorcelled Hibernation  Hex/Ice        4%         N/A       22%         2
 Momentum Strike          Conj/Tloc      4%         3d8       22%         2
 Passwall                 Tmut/Erth      1%         N/A       22%         2
 Lesser Beckoning         Tloc           4%         N/A       41%         3
 Swiftness                Air            2%         N/A       41%         3
 Summon Lightning Spire   Summ/Air       11%        N/A       52%         4


Dungeon Overview and Level Annotations

Branches:
Dungeon (4/15)
 Temple: D:4-7

Altars:


Innate Abilities, Weirdness & Mutations

You are small and have problems with some larger weapons.
You are completely attuned to the shadows.


Message History

The spell is quite dangerous to miscast (7% risk of failure)!
Continue anyway?
The orc wizard closely misses you. The orc wizard casts a spell at you.
You are confused.
Things that are here:
a +0 whip; a +0 chain mail; an orc corpse Are you sure you want to stumble around while confused and next to your hound?
You barely miss the orc wizard.
The orc wizard is severely wounded.
The orc wizard casts a spell at you.
You are more confused.
Are you sure you want to stumble around while confused and next to your hound?
You hit your hound.
Your hound is lightly wounded.
Your hound disappears in a puff of smoke!
The orc wizard closely misses you.
You bump into the rock wall.
The orc wizard hits you but does no damage.
There are monsters nearby!
You bump into the rock wall.
You closely miss the orc warrior.
There are monsters nearby!
You bump into the rock wall.
The orc warrior closely misses you.
You hit the orc warrior.
The orc warrior is lightly wounded.
You bump into the rock wall.
The orc wizard casts a spell.
The orc wizard flickers and vanishes for a moment.
The orc warrior closely misses you.
Unknown command.
You're too confused to move!
The orc warrior misses you.
You bump into the rock wall.
You're too confused to move!
The orc warrior hits you with a +0 flail!
* * * LOW HITPOINT WARNING * * *
You bump into the rock wall.
You're too confused to move!
The orc warrior misses you.
The orc warrior attacks as you move away!
The orc warrior hits you with a +0 flail.
You die...

#.... ##.... #.#
##.... #.##.#
..$##)..#### #.# .(
..(# #...... #.###o
..ยง #...###
#.@##.#o#..##...###
#.#o##.# ...##.....
#.##oo#.# #..#..#.#
#.##########.#..#..
#...............#..
####.###...##...#>.
#.....######.#.
#....## #.# #....#
#.#


You could see an orc warrior, an orc wizard (invisible) and an orc.

Vanquished Creatures
  An orc priest (D:4)
  3 dart slugs
  An orc (D:4)
  5 bats
  3 endoplasms (D:3)
  A giant cockroach (D:1)
  3 goblins
  2 hobgoblins
  4 jackals
  4 ball pythons
  4 frilled lizards
  4 kobolds
  3 rats
38 creatures vanquished.

Vanquished Creatures (collateral kills)
  Jessica (D:2)
  An adder (D:4)
  A worm (D:3)
  2 bats (D:1)
  2 endoplasms (D:1)
  2 goblins (D:1)
  18 jackals
  A kobold (D:2)
  2 quokkas
  A ball python (D:1)
  A frilled lizard (D:1)
  2 rats
34 creatures vanquished.

Grand Total: 72 creatures vanquished

Notes
Turn   | Place    | Note
-------+----------+-------------------------------------------
     0 | D:1      | LnG the Kobold Summoner began the quest for the Orb.
     0 | D:1      | Reached XP level 1. HP: 10/10 MP: 3/3
   192 | D:1      | Reached XP level 2. HP: 3/15 MP: 3/5
   248 | D:1      | Learned a level 2 spell: Call Imp
   445 | D:1      | Reached XP level 3. HP: 10/19 MP: 2/6
   449 | D:1      | Learned a level 3 spell: Call Canine Familiar
   778 | D:1      | Found a faded altar of an unknown god.
  1292 | D:2      | Noticed Jessica
  1299 | D:2      | Killed Jessica
  1300 | D:2      | Reached XP level 4. HP: 21/24 MP: 6/8
  2198 | D:3      | Reached skill level 1 in Short Blades
  2315 | D:3      | Reached XP level 5. HP: 28/28 MP: 9/9
  2319 | D:3      | Learned a level 3 spell: Summon Guardian Golem
  2782 | D:4      | Identified the +0 robe "Zaiguiro" {Drain Str+4 SInv}
  3205 | D:4      | Reached skill level 1 in Fighting
  3254 | D:4      | Noticed an orc warrior
  3280 | D:4      | Slain by an orc warrior

Illustrated notes

Levels and vault maps discovered:
D:1:      sevenhm_arrival_forest_fort_large_4, layout_rooms,
          chequers_ecumenical_altar_grove
D:2:      layout_rooms, minmay_goblin_kobold_house, uniq_jessica
D:3:      layout_basic, roderic_lattice_a, kennysheep_generic_room_15
D:4:      cheibrodos_greedy_goblins, layout_basic, guppyfry_early_orc_mine

Skill      XL: |  1  2  3  4  5 |
---------------+----------------+-----
Dodging        | 3 |  3.9
Stealth        | 3 4 |  4.1
Short Blades   | 1 |  1.6
Spellcasting   | 3 |  3.0
Fighting       | 1 |  1.0
Summonings     | |  4.6

Action                   |  1- 3 |  4- 6 || total
-------------------------+-------+-------++-------
Melee: Unarmed           |    53 |       ||    53
       Dagger            |    44 |   100 ||   144
       Punch             |     2 |       ||     2
 Cast: Summon Small Mamm |    24 |       ||    24
       Call Imp          |     7 |       ||     7
       Call Canine Famil |     1 |     6 ||     7
  Use: Potion            |     1 |       ||     1
 Stab: Sleeping          |     4 |    15 ||    19
       Distracted        |       |     1 ||     1
Armor: Robe              |    35 |    24 ||    59
Dodge: Dodged            |   166 |   106 ||   272

Table legend: (Time is in decaauts)
 A = Elapsed time spent in this place.
 B = Non-inter-level travel time spent in this place.
 C = Inter-level travel time spent in this place.
 D = Time resting spent in this place.
 E = Time spent auto-exploring this place.
 F = Levels seen in this place.
 G = Mean time per level.
                   A        B        C        D        E       F      G
               +--------+--------+--------+--------+--------+-----+--------+
         Total |   3274 |   3155 |    119 |    137 |   2351 |   4 |  818.5 |
       Dungeon |   3274 |   3155 |    119 |    137 |   2351 |   4 |  818.5 |
               +--------+--------+--------+--------+--------+-----+--------+

Top non-repeatable levels by time:
     D:1: 1088 daAuts
     D:3: 1053 daAuts
     D:2: 593 daAuts
     D:4: 539 daAuts
